 Dungeon Crawl Stone Soup version 0.21.1-1-g345015fe64 (webtiles) character file.

179276 libidonplus the Spry (level 17, -1/98 HPs)
             Began as a Spriggan Enchanter on Mar 4, 2018.
             Was the Champion of Dithmenos.
             Killed by the raging water
             ... invoked by a water nymph
              (23 damage)
             ... on level 1 of the Shoals on Mar 11, 2018.
             The game lasted 05:11:11 (43086 turns).

libidonplus the Spry (Spriggan Enchanter)          Turns: 43086, Time: 05:11:11

Health: -1/98      AC: 13    Str:  4    XL:     17   Next: 29%
Magic:  10/31      EV: 32    Int: 24    God:    Dithmenos [******]
Gold:   2447       SH:  8    Dex: 16    Spells: 13/34 levels left

rFire    . . .     SeeInvis +   a - +5 dagger (elec)
rCold    . . .     Gourm    .   f - +0 buckler
rNeg     . . .     Faith    .   B - +0 troll leather armour
rPois    +         Spirit   .   T - +2 hat
rElec    .         Reflect  .   g - +0 cloak
rCorr    .         Harm     .   (gloves unavailable)
MR       ++...                  (boots unavailable)
Stlth    ++++++....             n - amulet of rage
HPRegen  0.66/turn              J - +6 ring of protection
MPRegen  0.22/turn              l - ring of poison resistance

@: very slightly contaminated, wreathed by umbra, slow
A: very small, unfitting armour, see invisible, herbivore, speed 3, slow
metabolism 2
}: 1/15 runes: serpentine
a: Shadow Step, Shadow Form, Renounce Religion, Evoke Berserk Rage


You were on level 1 of the Shoals.
You worshipped Dithmenos.
Dithmenos was exalted by your worship.
You were not hungry.

You visited 6 branches of the dungeon, and saw 29 of its levels.
You also visited: Labyrinth, Sewer, Ossuary and Ice Cave.

You collected 2661 gold pieces.
You spent 214 gold pieces at shops.

Inventory:

Hand Weapons
 a - a +5 dagger of electrocution (weapon)
 b - a +1 hand crossbow of freezing
Missiles
 w - 248 bolts
 F - 6 throwing nets (quivered)
Armour
 f - a +0 buckler (worn)
 g - a +0 cloak (worn)
 B - a +0 troll leather armour (worn)
 T - a +2 hat (worn)
Jewellery
 l - a ring of poison resistance (right hand)
 n - an amulet of rage (around neck)
 z - an uncursed ring of fire
 J - a +6 ring of protection (left hand)
 L - an uncursed ring of flight
 O - an uncursed ring of resist corrosion
 Q - an uncursed ring of magical power
 U - an uncursed ring of ice
 Z - an uncursed ring of protection from cold
Wands
 q - a wand of acid (7)
 H - a wand of digging (21)
 N - a wand of iceblast (9)
 R - a wand of paralysis (38)
 V - a wand of scattershot (7)
Scrolls
 j - 23 scrolls of remove curse
 m - 2 scrolls of blinking
 o - 3 scrolls of magic mapping
 s - 2 scrolls of enchant armour
 t - 4 scrolls of amnesia
 v - 6 scrolls of fog
 x - 13 scrolls of teleportation
 A - 4 scrolls of identify
 I - 2 scrolls of fear
 W - a scroll of torment
Potions
 e - 9 potions of agility
 h - 8 potions of flight
 i - 7 potions of curing
 k - 11 potions of heal wounds
 r - 3 potions of cancellation
 u - 6 potions of magic
 y - 3 potions of haste
 D - 4 potions of might
 E - 3 potions of resistance
 G - 2 potions of brilliance
 K - a potion of invisibility
 P - 2 potions of lignification
 S - 2 potions of berserk rage {unknown}
Books
 c - a book of Maledictions

   Spells                             Type                      Level
   a - Corona                         Hexes                        1
   b - Ensorcelled Hibernation        Hexes/Ice                    2
   c - Confuse                        Hexes                        3
   d - Tukima's Dance                 Hexes                        3
   e - Dazzling Spray                 Conjuration/Hexes            3
 X - a book of Minor Magic

   Spells                             Type                      Level
   a - Magic Dart                     Conjuration                  1
   b - Blink                          Translocation                2
   c - Call Imp                       Summoning                    2
   d - Slow                           Hexes                        2
   e - Conjure Flame                  Conjuration/Fire             3
   f - Mephitic Cloud                 Conjuration/Poison/Air       3
Miscellaneous
 C - 2 phantom mirrors
 M - a box of beasts
 Y - a lightning rod (4/4)
Comestibles
 d - 41 rations


   Skills:
 * Level 14.5 Fighting
 - Level 13.5 Short Blades
 + Level 19.5 Dodging
 - Level 15.3 Stealth
 + Level 6.5 Shields
 - Level 9.0 Spellcasting
 + Level 12.7 Hexes
 - Level 3.5 Translocations
 - Level 3.0 Ice Magic
 - Level 1.2 Invocations


You had 13 spell levels left.
You knew the following spells:

 Your Spells              Type           Power        Failure   Level  Hunger
a - Corona                Hex            ######.      1%          1    None
b - Ensorcelled Hibernat  Hex/Ice        #####.       1%          2    None
c - Confuse               Hex            ######..     1%          3    None
d - Dazzling Spray        Conj/Hex       #####.       2%          3    None
e - Tukima's Dance        Hex            ######..     1%          3    None
f - Cause Fear            Hex            ######....   1%          4    ##.....
g - Apportation           Tloc           ####..       2%          1    None
h - Blink                 Tloc           N/A          3%          2    None
i - Slow                  Hex            ######..     1%          2    None


Dungeon Overview and Level Annotations

Branches:
Dungeon (15/15)            Temple (1/1) D:7            Lair (6/6) D:10
 Shoals (1/4) Lair:4        Snake (4/4) Lair:3        Slime (0/5) Lair:5
    Orc (2/2) D:12            Elf (0/3) Orc:2        Vaults (0/5) D:14
 Depths (0/5) D:15

Altars:
Ashenzari
Cheibriados
Dithmenos
Elyvilon
Fedhas
Gozag
Hepliaklqana
Kikubaaqudgha
Makhleb
Nemelex Xobeh
Okawaru
Qazlal
Ru
Sif Muna
Trog
Uskayaw
Vehumet
Wu Jian
Xom
Yredelemnul
Zin
The Shining One
Beogh

Shops:
Orc:2 }!:!

Annotations:
D:4 Pikel
D:7 2 transporters
D:10 exclusion: unseen horror, Erolcha; deszczowiec's ghost, novice DrIE
D:13 exclusion: downstairs
Lair:4 exclusion: downstairs
Lair:5 exclusion: downstairs
Snake:2 exclusion: 2 downstairs


Innate Abilities, Weirdness & Mutations

You are very small and have problems with some larger weapons.
You are too small for most types of armour.
You have supernaturally acute eyesight. (SInv)
You are a herbivore.
You cover ground extremely quickly.
You need consume almost no food.


Message History

You feel better.
Splash!
You fall into the shallow water.
Moving in this stuff is going to be slow.
You block the water nymph's attack.
Splash!
You fall into the shallow water.
Moving in this stuff is going to be slow.
The water nymph flows with the water.
You enter the shallow water.
Moving in this stuff is going to be slow.
You block the water nymph's attack.
You enter the shallow water.
Moving in this stuff is going to be slow.
The water nymph points at you and mumbles some strange words.
The water swirls and strikes you!
* * * LOW HITPOINT WARNING * * *
The water nymph points at you and mumbles some strange words.
The water swirls and strikes you!
You die...

#†≈≈≈..≈≈.≈≈≈≈≈≈≈≈
#≈≈≈≈..≈.≈≈≈≈≈≈≈≈≈
#≈.....≈<..≈≈≈≈≈≈≈
##........#.≈≈≈≈≈≈≈
##≈..###.####.≈≈≈≈≈≈ ##≈≈..# ###
#.≈≈≈≈≈≈ # ##≈≈≈..########.≈≈≈≈≈≈
### ##≈≈≈≈..........≈≈≈≈≈≈≈
≈≈#########.≈≈≈.@≈≈.....≈≈≈≈≈≈≈≈≈
≈≈≈≈≈≈≈≈≈≈≈..≈†≈≈≈......≈≈≈≈≈≈≈≈≈
≈≈≈≈≈≈≈≈≈..###≈≈≈≈≈≈≈≈≈≈≈≈≈≈≈≈≈≈≈
.≈≈≈≈≈≈≈...##.≈m≈≈≈≈≈≈≈≈≈≈≈≈≈≈≈≈≈
≈≈≈≈≈≈≈≈......≈≈≈≈≈≈≈≈≈≈≈≈≈≈≈≈≈≈≈
≈≈≈≈≈.........≈≈≈≈≈≈..≈≈≈≈≈≈≈≈≈≈≈
..≈≈≈≈≈≈≈........≈≈....≈≈≈≈≈≈≈≈≈≈
..≈≈≈≈≈≈≈....#.##..###.≈≈≈≈≈
..≈≈≈≈≈.≈......##..###.≈≈≈≈≈


You could see a water nymph.

Vanquished Creatures
  12 nagarajas
  Kirke (D:13)
  A very ugly thing (D:14)
  An ettin (Orc:2)
  A fire dragon (D:15)
  A minotaur (Lab)
  7 hydras
  19 naga warriors
  Harold (Lair:2)
  7 anacondas
  2 centaur warriors
  An ogre mage (D:14)
  4 two-headed ogres
  11 shock serpents
  11 naga sharpshooters
  3 salamander mystics
  3 sea snakes
  A flayed ghost (D:11)
  6 naga ritualists
  6 mana vipers
  9 orc knights
  2 necromancers
  9 harpies
  2 orc sorcerers (D:15)
  A wolf spider zombie (D:14)
  5 ugly things
  4 deep elf magi
  3 cyclopes
  10 salamanders
  10 elephants
  2 manticores
  Joseph (D:10)
  3 centaur zombies
  14 naga magi
  Psyche (D:10)
  41 black mambas
  22 guardian serpents
  A water nymph (Shoals:1)
  2 gargoyles
  10 spiny frogs
  An efreet (D:15)
  7 rime drakes
  3 kobold demonologists
  3 tengu conjurers (D:13)
  11 komodo dragons
  A yaktaur (shapeshifter) (D:15)
  5 centaur skeletons
  An ice devil (IceCv)
  A yaktaur (D:15)
  A redback zombie (D:15)
  4 polar bears (Lair:6)
  A freezing wraith (D:14)
  5 trolls
  A merfolk (Shoals:1)
  A wind drake (shapeshifter) (D:15)
  5 slime creatures (D:13)
  5 hornets
  2 snapping turtles (Shoals:1)
  6 hippogriffs
  7 dream sheep (Lair:6)
  4 blink frogs
  2 centaur simulacra
  4 wraiths (D:11)
  4 basilisks
  2 shadows
  44 yaks
  2 wyverns
  3 hungry ghosts
  4 fire bats (D:11)
  6 vampire mosquitoes
  7 wargs
  45 nagas
  13 water moccasins
  10 porcupines
  3 ice beasts
  A sky beast (D:5)
  A black bear (D:8)
  An eye of draining (D:13)
  45 orc warriors
  16 centaurs
  3 necrophages
  12 ogres
  3 phantoms
  13 wolves
  An elf zombie (Ossuary)
  14 crocodiles
  17 bullfrogs
  A wyvern skeleton (D:15)
  2 scorpions
  4 killer bees (D:9)
  4 wights (D:10)
  4 vampire bats
  6 crimson imps
  A quasit (D:12)
  2 howler monkeys (D:8)
  A bullfrog zombie (D:5)
  4 hounds
  13 orc priests
  3 bullfrog skeletons
  7 jellies
  A human zombie (Ossuary)
  Natasha (D:3)
  5 iguanas
  21 orc wizards
  12 worker ants
  A big kobold zombie (Ossuary)
  3 mummies
  A worker ant zombie (D:3)
  2 howler monkey zombies
  9 gnolls
  8 adders
  A river rat (D:5)
  3 shadow imps
  3 white imps (IceCv)
  9 ufetubi (IceCv)
  An ooze (D:5)
  An adder zombie (Ossuary)
  An adder skeleton (D:7)
  4 worms
  3 dart slugs
  7 leopard geckos
  90 orcs
  51 bats
  9 giant cockroaches
  9 goblins
  5 hobgoblins
  10 jackals
  6 quokkas
  2 ball pythons
  9 frilled lizards
  2 goblin zombies
  9 hobgoblin zombies
  2 jackal zombies (Ossuary)
  10 kobolds
  12 kobold zombies (Ossuary)
  9 orc zombies (Ossuary)
  6 rats
992 creatures vanquished.

Vanquished Creatures (others)
  A human (D:13)
  An orc wizard (D:13)
  2 white imps (IceCv)
  2 ufetubi (IceCv)
  An orc (D:13)
  A bush (D:9)
  3 fungi
  15 plants
26 creatures vanquished.

Grand Total: 1018 creatures vanquished

Notes
Turn   | Place    | Note
-------+----------+-------------------------------------------
     0 | D:1      | libidonplus the Spriggan Enchanter began the quest for the Orb.
     0 | D:1      | Reached XP level 1. HP: 9/9 MP: 5/5
   221 | D:1      | Reached XP level 2. HP: 13/13 MP: 7/7
   240 | D:1      | Learned a level 2 spell: Ensorcelled Hibernation
   803 | D:1      | Reached XP level 3. HP: 16/16 MP: 6/9
  1385 | D:2      | Found a white marble altar of Elyvilon.
  1939 | D:3      | Noticed a bullfrog
  2284 | D:3      | Killed a bullfrog
  2284 | D:3      | Reached XP level 4. HP: 21/21 MP: 7/11
  2405 | D:3      | Found a glowing golden altar of the Shining One.
  2455 | D:2      | Learned a level 3 spell: Confuse
  2505 | D:3      | Reached XP level 5. HP: 18/24 MP: 10/13
  2631 | D:3      | Reached skill level 5 in Spellcasting
  2814 | D:3      | Noticed Natasha
  2820 | D:3      | Killed Natasha
  2845 | D:3      | Reached skill level 5 in Hexes
  2992 | D:4      | Noticed a phantom
  3643 | D:4      | Noticed an ogre
  3670 | D:4      | Killed an ogre
  3670 | D:4      | Reached XP level 6. HP: 28/28 MP: 2/16
  4373 | D:4      | Reached skill level 5 in Stealth
  4373 | D:4      | Reached XP level 7. HP: 32/32 MP: 7/17
  4462 | D:4      | Reached skill level 4 in Dodging
  4534 | D:4      | Noticed Pikel
  4754 | D:5      | Entered Level 5 of the Dungeon
  4891 | D:5      | Found a glowing drain.
  4897 | Sewer    | Entered a sewer
  5828 | D:5      | Reached skill level 5 in Short Blades
  5828 | D:5      | Reached skill level 5 in Dodging
  6070 | D:5      | Reached XP level 8. HP: 36/36 MP: 18/18
  6543 | D:6      | Found a shimmering altar of Xom.
  6634 | D:6      | Reached skill level 6 in Dodging
  6803 | D:6      | Found a bloodstained altar of Trog.
  6804 | D:6      | Found a shattered altar of Ashenzari.
  6804 | D:6      | Found an ornate altar of the Wu Jian Council.
  6807 | D:6      | Found a burning altar of Makhleb.
  7227 | D:6      | Reached skill level 7 in Dodging
  7227 | D:6      | Reached XP level 9. HP: 33/39 MP: 15/19
  7368 | D:6      | Found a white marble altar of Elyvilon.
  7412 | D:7      | Found a staircase to the Ecumenical Temple.
  7705 | Temple   | Entered the Ecumenical Temple
  7762 | Temple   | Became a worshipper of Dithmenos the Shadowed
  7895 | D:7      | Reached skill level 8 in Dodging
  8106 | D:7      | Found Lurphajue's Magic Scroll Shoppe.
  8152 | D:7      | Found a shattered altar of Ashenzari.
  8315 | D:7      | Found a transporter.
  8345 | D:7      | Found a transporter.
  8348 | D:7      | Noticed a centaur warrior
  8349 | D:7      | Noticed a deep elf mage
  8350 | D:7      | Found a stormy altar of Qazlal.
  8783 | D:8      | Found a sand-covered staircase.
  8792 | Ossuary  | Entered an ossuary
  9144 | Ossuary  | Reached * piety under Dithmenos
  9769 | D:8      | You fall through a shaft for 2 floors!
  9769 | D:10     | Entered Level 10 of the Dungeon
  9890 | D:9      | Noticed a kobold demonologist
  9973 | D:9      | Reached skill level 9 in Dodging
 10035 | D:9      | Killed a kobold demonologist
 10092 | D:9      | Noticed a two-headed ogre
 10116 | D:9      | Killed a two-headed ogre
 10116 | D:9      | Reached XP level 10. HP: 44/44 MP: 11/22
 10409 | D:9      | Reached skill level 10 in Dodging
 10433 | D:9      | Reached ** piety under Dithmenos
 10533 | D:9      | Found a blossoming altar of Fedhas.
 10592 | D:8      | Learned a level 3 spell: Dazzling Spray
 10596 | D:8      | Learned a level 3 spell: Tukima's Dance
 10790 | D:8      | Reached skill level 1 in Fighting
 11981 | D:10     | Noticed Erolcha
 11992 | D:10     | Reached skill level 1 in Ice Magic
 12004 | D:10     | Noticed an unseen horror
 12247 | D:10     | Noticed Psyche
 12268 | D:10     | Killed Psyche
 12268 | D:10     | Reached skill level 10 in Stealth
 12484 | D:10     | Found a staircase to the Lair.
 12640 | D:10     | Reached *** piety under Dithmenos
 12692 | D:10     | Reached XP level 11. HP: 36/52 MP: 24/24
 12826 | D:10     | Noticed Joseph
 12831 | D:10     | Killed Joseph
 13138 | Lair:1   | Entered Level 1 of the Lair of Beasts
 13498 | Lair:1   | Reached skill level 10 in Short Blades
 14456 | Lair:2   | Reached skill level 10 in Hexes
 14517 | Lair:2   | Noticed Harold
 14529 | Lair:2   | Killed Harold
 14529 | Lair:2   | Reached skill level 11 in Dodging
 14702 | Lair:2   | Reached skill level 5 in Fighting
 14749 | Lair:2   | Reached **** piety under Dithmenos
 15439 | Lair:3   | Reached skill level 1 in Invocations
 15664 | Lair:3   | Found a staircase to the Snake Pit.
 16531 | Lair:4   | Found a labyrinth entrance.
 16536 | Lab      | Entered a labyrinth
 16620 | Lab      | Noticed a minotaur
 16626 | Lab      | Killed a minotaur
 16626 | Lab      | Reached XP level 12. HP: 60/60 MP: 25/25
 16643 | Lab      | Learned a level 4 spell: Cause Fear
 16703 | Lair:4   | Found a staircase to the Shoals.
 16738 | Lair:4   | Reached skill level 12 in Dodging
 16875 | Lair:4   | Noticed an eight-headed hydra
 16877 | Lair:4   | Killed an eight-headed hydra
 17652 | Lair:5   | Noticed an eight-headed hydra
 17814 | Lair:5   | Found a staircase to the Slime Pits.
 17866 | Lair:5   | Noticed a five-headed hydra
 17871 | Lair:5   | Killed a five-headed hydra
 17898 | Lair:5   | Killed an eight-headed hydra
 17898 | Lair:5   | Reached skill level 13 in Dodging
 18633 | Lair:5   | Reached XP level 13. HP: 67/67 MP: 25/26
 18998 | Lair:6   | Entered Level 6 of the Lair of Beasts
 19772 | Lair:5   | Reached skill level 14 in Dodging
 20055 | Lair:5   | Reached ***** piety under Dithmenos
 22283 | D:10     | Noticed deszczowiec's ghost (novice DrIE)
 22458 | D:11     | Found a frozen archway.
 22472 | IceCv    | Entered an ice cave
 22993 | D:11     | Found a sacrificial altar of Ru.
 23082 | D:11     | Reached skill level 15 in Dodging
 23421 | D:7      | Bought a scroll of fog for 26 gold pieces
 23421 | D:7      | Bought a scroll of identify for 26 gold pieces
 23421 | D:7      | Bought a scroll of identify for 26 gold pieces
 23421 | D:7      | Bought a scroll of enchant weapon for 97 gold pieces
 23421 | D:7      | Bought a scroll of teleportation for 39 gold pieces
 23423 | D:7      | Identified a scroll of acquirement
 23872 | D:11     | Found a runed door.
 23892 | D:11     | Found an ornate altar of the Wu Jian Council.
 23983 | D:11     | Found a blossoming altar of Fedhas.
 24122 | D:11     | Found a shattered altar of Ashenzari.
 24170 | D:11     | Found an opulent altar of Gozag.
 24337 | D:11     | Identified the Handbook of the Escort and Malediction
 24364 | D:11     | Found a hide-covered altar of Uskayaw.
 24428 | D:11     | Found a glowing silver altar of Zin.
 24808 | D:12     | Found a staircase to the Orcish Mines.
 24842 | D:12     | Reached ****** piety under Dithmenos
 24857 | D:12     | Reached XP level 14. HP: 75/75 MP: 20/28
 26009 | D:13     | Noticed Kirke
 26013 | D:13     | Killed Kirke
 26070 | D:13     | Reached skill level 1 in Shields
 26155 | D:13     | You fall through a shaft!
 27023 | D:14     | Reached skill level 10 in Fighting
 27706 | Orc:1    | Entered Level 1 of the Orcish Mines
 27833 | Orc:2    | Entered Level 2 of the Orcish Mines
 28264 | Orc:2    | Found a staircase to the Elven Halls.
 28807 | Orc:1    | Reached skill level 16 in Dodging
 29026 | Orc:1    | Found a roughly hewn altar of Beogh.
 29524 | Orc:2    | Found Zomuxeeg's Distillery.
 29524 | Orc:2    | Found Zamol's Gadget Shoppe.
 29688 | Orc:2    | Found a roughly hewn altar of Beogh.
 29714 | Orc:2    | Found Ubiosysmiza's Distillery.
 29714 | Orc:2    | Found Ihoycu's Book Shoppe.
 30295 | D:14     | Noticed a brown very ugly thing
 30298 | D:14     | Killed a brown very ugly thing
 30489 | D:14     | Found a gate to the Vaults.
 30574 | D:15     | Entered Level 15 of the Dungeon
 30629 | D:15     | Learned a level 1 spell: Apportation
 30640 | D:15     | Reached XP level 15. HP: 82/82 MP: 20/29
 30803 | D:15     | Found a staircase to the Depths.
 31760 | Snake:1  | Entered Level 1 of the Snake Pit
 31760 | Snake:1  | Found a white marble altar of Elyvilon.
 32033 | Snake:1  | Reached skill level 17 in Dodging
 32607 | Snake:1  | Reached skill level 1 in Translocations
 33806 | Snake:2  | Found a hazy altar of Hepliaklqana.
 33911 | Snake:2  | Found a burning altar of Makhleb.
 33917 | Snake:2  | Reached skill level 15 in Stealth
 34442 | Snake:2  | Got a distressingly furry buckler
 34454 | Snake:2  | Identified the +3 buckler "Geerim" {-Cast -Tele Dex+6} (You found it on level 2 of the Snake Pit)
 35443 | Snake:2  | Reached XP level 16. HP: 80/90 MP: 10/30
 35617 | Snake:2  | Reached skill level 18 in Dodging
 36643 | Snake:4  | Entered Level 4 of the Snake Pit
 37086 | Snake:4  | Reached skill level 5 in Shields
 38484 | Snake:3  | Learned a level 2 spell: Blink
 38487 | Snake:3  | Learned a level 2 spell: Slow
 40001 | Snake:4  | Reached skill level 19 in Dodging
 40904 | Snake:4  | Reached XP level 17. HP: 97/97 MP: 25/31
 42027 | Snake:4  | Got a serpentine rune of Zot
 42810 | Shoals:1 | Entered Level 1 of the Shoals
 43086 | Shoals:1 | Killed from afar by a water nymph

Skill      XL: |  1  2  3  4  5  6  7  8  9 10 11 12 13 14 15 16 |
---------------+-------------------------------------------------+-----
Spellcasting   | 3 4 6 7 8 9 |  9.0
Hexes          | 4 5 6 8 9 10 11 12 | 12.7
Short Blades   | 2 3 4 5 6 8 9 11 12 13 | 13.5
Stealth        | 5 6 8 9 10 11 12 13 14 15 | 15.3
Dodging        | 5 7 9 10 11 13 15 16 17 19 | 19.5
Fighting       | 3 5 7 9 11 12 14 | 14.5
Ice Magic      | 2 3 |  3.0
Invocations    | 1 |  1.2
Shields        | 3 4 6 |  6.5
Translocations | 3 |  3.5

Action                   |  1- 3 |  4- 6 |  7- 9 | 10-12 | 13-15 | 16-18 || total
-------------------------+-------+-------+-------+-------+-------+-------++-------
Melee: Dagger            |    79 |    81 |   366 |   215 |   775 |   326 ||  1842
 Fire: Hunting sling     |       |       |    70 |    10 |     2 |       ||    82
       Hand crossbow     |       |       |       |       |     8 |    42 ||    50
Throw: Stone             |       |     2 |     1 |       |       |       ||     3
 Cast: Corona            |    11 |       |     1 |       |       |     1 ||    13
       Ensorcelled Hiber |    36 |    63 |   102 |   193 |   558 |   176 ||  1128
       Confuse           |       |     5 |    35 |    17 |    91 |    56 ||   204
       Tukima's Dance    |       |       |       |     3 |       |       ||     3
       Dazzling Spray    |       |       |       |     3 |     6 |   104 ||   113
       Cause Fear        |       |       |       |       |     5 |     6 ||    11
       Apportation       |       |       |       |       |       |     1 ||     1
Invok: Shadow Step       |       |       |       |     2 |     3 |     1 ||     6
Evoke: Wand              |       |       |       |       |     1 |       ||     1
  Use: Scroll            |       |     8 |    11 |     9 |    14 |     2 ||    44
       Potion            |       |       |     2 |     1 |     2 |     2 ||     7
 Stab: Sleeping          |    39 |    35 |    85 |   141 |   400 |    85 ||   785
       Confused          |       |       |    27 |    10 |    62 |    23 ||   122
       Distracted        |       |       |     2 |     2 |     8 |     5 ||    17
       Invisible         |       |       |       |       |     1 |    20 ||    21
  Eat: Ration            |       |     1 |     4 |     3 |     8 |     4 ||    20
Armor: Robe              |     5 |     5 |    22 |     3 |    16 |       ||    51
       Troll leather arm |       |       |       |       |    27 |    30 ||    57
Dodge: Dodged            |    44 |    42 |   224 |   117 |   713 |   470 ||  1610
Block: Buckler           |       |       |       |     7 |   161 |   144 ||   312
